 Dungeon Crawl Stone Soup version 0.30.0-29-ga12c61a403 (webtiles) character file.

Game seed: 14415556865505609559

2097 BONEBRO the Spear-Bearer (level 9, 0/84 HPs)
             Began as an Ogre Berserker on June 15, 2023.
             Was a Priest of Trog.
             Slain by a hound (3 damage)
             ... on level 5 of the Dungeon.
             The game lasted 00:10:23 (3220 turns).

BONEBRO the Spear-Bearer (Ogre Berserker)           Turns: 3220, Time: 00:10:24

Health: 0/84       AC:  7    Str: 23    XL:     9   Next: 28%
Magic:  9/9        EV: 10    Int: 11    God:    Trog [***...]
Gold:   197        SH:  0    Dex: 12    Spells: 8/8 levels left

rFire   . . .        s - +0 rapier (vamp)
rCold   + . .        (no shield)
rNeg    . . .        q - +1 robe of Ycutarphy {Rampage rC+ Regen+ Int+3}
rPois   +            (helmet restricted)
rElec   .            k - +2 cloak
rCorr   .            (gloves unavailable)
SInv    .            (boots unavailable)
Will    .....        (no amulet)
Stlth   +            f - ring of poison resistance
HPRegen 1.14/turn    (no ring)
MPRegen 0.11/turn

%: rampage
@: on berserk cooldown, slowed, very slow
A: large, unfitting armour, tough skin 1
a: Renounce Religion, Berserk, Trog's Hand


You were on level 5 of the Dungeon.
You worshipped Trog.
Trog was most pleased with you.
You visited 1 branch of the dungeon, and saw 5 of its levels.

You collected 197 gold pieces.

Inventory:

Hand Weapons
 a - a +0 spear
 s - a +0 vampiric rapier (weapon)
Armour
 b - a +0 animal skin
 k - a +2 cloak (worn)
 p - a +0 pair of gloves
 q - the +1 robe of Ycutarphy (worn) {Rampage rC+ Regen+ Int+3}
   (You found it on level 4 of the Dungeon)

   Int:       It affects your intelligence (+3).
   rC:        It protects you from cold.
   Regen:     It increases your rate of health regeneration.
   Rampage:   It bestows one free step when moving towards enemies.
Jewellery
 f - a ring of poison resistance (left hand)
Wands
 o - a wand of flame (31)
Scrolls
 c - a scroll of acquirement {unknown}
 d - a scroll of immolation {unknown}
 g - a scroll of enchant weapon {unknown}
 h - 8 scrolls of identify {unknown}
 i - a scroll of butterflies {unknown}
 j - 4 scrolls of poison {unknown}
 l - a scroll of teleportation {unknown}
 m - a scroll of noise {unknown}
Potions
 e - 5 potions of curing
 n - a potion of heal wounds {unknown}
 r - a potion of lignification {unknown}


   Skills:
 - Level 4.0 Fighting
 + Level 7.0 Short Blades
 - Level 9.6 Polearms
 - Level 2.6 Dodging


You had 8 spell levels left.
You didn't know any spells.
Your spell library was empty.

Dungeon Overview and Level Annotations

Branches:
Dungeon (5/15)             Temple (0/1) D:4

Altars:
Elyvilon
Nemelex Xobeh
Uskayaw
Vehumet
The Shining One


Innate Abilities, Weirdness & Mutations

You are too large for most types of armour.
You have tough skin. (AC +1)


Message History

You puncture the gnoll!
You feel the power of Trog in you as your rage grows.
You kill the gnoll!
Trog accepts your kill.
You puncture the yak!
You feel better.
The yak is moderately wounded.
The yak gores you.
You hit the yak but do no damage.
The yak is moderately wounded.
You puncture the yak!
The yak is severely wounded.
The yak closely misses you.
You puncture the yak!
The yak is almost dead.
You barely miss the yak.
The yak is almost dead.
The yak gores you!
* * * LOW HITPOINT WARNING * * *
You hit the yak.
The yak is almost dead.
The yak gores you!
* * * LOW HITPOINT WARNING * * *
You hit the yak but do no damage. You punch the yak.
You kill the yak!
Trog accepts your kill.
Your Short Blades skill increases to level 7!
You feel a strong urge to attack something.
The hound pauses to sniff the ground.
You are too berserk!
You are too berserk!
You feel your anger nearly subside.
You are no longer berserk.
You are exhausted.
You feel yourself slow down. The yak attacks as you move away!
The yak gores you!
* * * LOW HITPOINT WARNING * * *
The hound pauses to sniff the ground.
The yak gores you!
* * * LOW HITPOINT WARNING * * *
The hound attacks as you move away! The hound bites you.
You die...

#.#.## #g...# #....#
#### #.g..# ##..###
#....# #.....##
#....# #......#
#g...# #......#
#hY### ##.....# ##@#
#.....# ##.#####..
##....# ####.........
##..#####)....######.
###.#.)))###....#
####....##### #.....#
.....#### .......#
...### ........#
...### .........#


You could see a yak, a hound and 3 gnolls.

Vanquished Creatures
  A kobold demonologist (D:5)
  Sigmund (D:3)
  5 yaks (D:5)
  Eustachio (D:4)
  Edmund (D:4)
  Duvessa (D:4)
  A kobold brigand (D:5)
  A scorpion (D:4)
  Dowan (D:4)
  2 hounds
  An orc priest (D:4)
  A sleepcap (D:5)
  Jessica (D:3)
  3 iguanas
  An orc wizard (D:4)
  Robin (D:3)
  A gnoll (D:5)
  5 adders
  An ufetubus (D:5)
  2 worms (D:2)
  3 dart slugs (D:1)
  2 orcs (D:4)
  9 ball pythons
  4 bats
  9 endoplasms
  7 giant cockroaches
  16 goblins
  7 hobgoblins
  5 jackals
  2 quokkas (D:1)
  3 frilled lizards
  5 kobolds
  10 rats
114 creatures vanquished.

Notes
Turn   | Place    | Note
-------+----------+-------------------------------------------
     0 | D:1      | BONEBRO the Ogre Berserker began the quest for the Orb.
     0 | D:1      | Reached XP level 1. HP: 24/24 MP: 1/1
   167 | D:1      | Reached XP level 2. HP: 32/32 MP: 2/2
   396 | D:1      | Reached skill level 4 in Polearms
   446 | D:1      | Reached XP level 3. HP: 39/39 MP: 3/3
   701 | D:2      | Reached ** piety under Trog
   870 | D:2      | Reached XP level 4. HP: 48/48 MP: 4/4
  1009 | D:2      | Reached skill level 5 in Polearms
  1306 | D:3      | Noticed Robin
  1343 | D:3      | Killed Robin
  1343 | D:3      | Reached *** piety under Trog
  1474 | D:3      | Noticed Sigmund
  1481 | D:3      | Killed Sigmund
  1482 | D:3      | Reached skill level 6 in Polearms
  1482 | D:3      | Reached XP level 5. HP: 54/54 MP: 5/5
  1482 | D:3      | Reached XP level 6. HP: 62/62 MP: 6/6
  1576 | D:3      | Noticed Jessica
  1577 | D:3      | Found a hide-covered altar of Uskayaw.
  1588 | D:3      | Killed Jessica
  1589 | D:3      | Reached skill level 7 in Polearms
  1797 | D:3      | Found a glowing golden altar of the Shining One.
  1970 | D:4      | HP: 4/93 [iguana (7)]
  2260 | D:4      | Found a white marble altar of Elyvilon.
  2261 | D:4      | Noticed Duvessa
  2289 | D:4      | Killed Duvessa
  2290 | D:4      | Reached XP level 7. HP: 28/70 MP: 7/7
  2451 | D:4      | Noticed Dowan
  2469 | D:4      | Reached skill level 8 in Polearms
  2470 | D:4      | Noticed Edmund
  2491 | D:4      | Killed Dowan
  2498 | D:4      | Killed Edmund
  2572 | D:4      | Found a staircase to the Ecumenical Temple.
  2726 | D:4      | Reached skill level 9 in Polearms
  2729 | D:4      | Identified the +1 robe of Ycutarphy {Rampage rC+ Regen+
                  | Int+3}
  2752 | D:4      | Noticed Eustachio
  2788 | D:4      | Killed Eustachio
  2789 | D:4      | Reached XP level 8. HP: 78/78 MP: 8/8
  2923 | D:4      | Found a sparkling altar of Nemelex Xobeh.
  2924 | D:4      | Found a radiant altar of Vehumet.
  2975 | D:5      | Entered Level 5 of the Dungeon
  3004 | D:5      | Noticed a kobold demonologist
  3032 | D:5      | Killed a kobold demonologist
  3102 | D:5      | Noticed a yak
  3103 | D:5      | Noticed a yak
  3104 | D:5      | Noticed a yak
  3106 | D:5      | Noticed a yak
  3107 | D:5      | Noticed a yak
  3120 | D:5      | Noticed a yak
  3134 | D:5      | Killed a yak
  3139 | D:5      | Killed a yak
  3140 | D:5      | Reached skill level 5 in Short Blades
  3163 | D:5      | Killed a yak
  3164 | D:5      | Reached XP level 9. HP: 53/84 MP: 9/9
  3219 | D:5      | HP: 3/84 [yak (15)]
  3220 | D:5      | Slain by a hound

Illustrated notes

Levels and vault maps discovered:
D:1:      eino_arrival_water_cross, layout_rooms
D:2:      layout_rooms
D:3:      layout_basic, lemuel_doored_altar, nicolae_uskayaw_dance_hall,
          uniq_jessica, uniq_robin, uniq_sigmund
D:4:      layout_rooms, mainiacjoe_overflow_24_doors,
          gammafunk_temple_overflow_statue, minmay_temple_entry_mini_moons,
          uniq_eustachio, uniq_edmund, uniq_duvessa
D:5:      layout_cave_pods, gammafunk_ghost_grave

Skill      XL: |  1  2  3  4  5  6  7  8  9 |
---------------+----------------------------+-----
Polearms       | 4 6 7 9 |  9.6
Short Blades   | 6 7 |  7.0
Fighting       | |  4.0
Dodging        | |  2.6

Action                     |  1- 3 |  4- 6 |  7- 9 || total
---------------------------+-------+-------+-------++-------
  Melee: Spear             |   158 |   200 |    87 ||   445
         Punch             |       |     2 |     9 ||    11
         Rapier            |       |       |   158 ||   158
 Invoke: Berserk           |       |     5 |     5 ||    10
         Trog's Hand       |       |       |     3 ||     3
    Use: Potion            |       |       |     1 ||     1
   Stab: Sleeping          |     1 |     2 |       ||     3
 Armour: Animal skin       |    56 |    44 |     7 ||   107
         Robe              |       |       |    70 ||    70
  Dodge: Dodged            |    81 |    59 |   144 ||   284
